[Event "*** Titled Tuesday Blitz"]
[Site "Chess.com"]
[Date "2020.02.04"]
[Round "6"]
[White "Megagigahiper3345"]
[Black "HouseOfDurin"]
[Result "1-0"]
[WhiteElo "2324"]
[BlackElo "2101"]
[TimeControl "180+2"]
[EndTime "14:19:21 PST"]
[Termination "Megagigahiper3345 won by checkmate"]

1. d4 Nf6 2. c4 c5 3. d5 b5 4. cxb5 a6 5. bxa6 Bxa6 6. Nc3 d6 7. Nf3 Nbd7 8. e4 Bxf1 9. Kxf1 g6 10. g3 Bg7 11. Kg2 O-O 12. a4 Qa5 13. Qe2 Rfb8 14. Ra3 Qb4 15. Nd2 h5 16. Rb3 Qa5 17. Nc4 Qa6 18. Rb5 Ne8 19. Rxb8 Rxb8 20. a5 Ne5 21. Nb6 Qxe2 22. Nxe2 Nd3 23. Nc3 Nc7 24. Nca4 Na8 25.
Bd2 Nxb2 26. Nxb2 Nxb6 27. Rb1 Nc4 28. Nxc4 Rxb1 29. a6 Ra1 30. Ba5 Bc3 31. a7 Bxa5 32. a8=Q+ Kg7 33. Nxa5 Ra2 34. Qa7 Kf6 35. h3 Ra4 36.
Qb6 Rxe4 37. Nc6 Re2 38. Qd8 c4 39. Nxe7 Rxe7 40. Qxd6+ Kg7 41. Qxe7 c3 42. d6 Kh6 43. d7 c2 44. d8=Q g5 45. Qh8+ Kg6 46. Qhf6+ Kh7 47. Qexf7# 1-0

[Event "*** Titled Tuesday Blitz"]
[Site "Chess.com"]
[Date "2020.02.04"]
[Round "6"]
[White "Heineccius"]
[Black "Alopekos"]
[Result "1-0"]
[WhiteElo "2660"]
[BlackElo "2477"]
[TimeControl "180+2"]
[EndTime "14:19:22 PST"]
[Termination "Heineccius won by resignation"]

1. d4 Nf6 2. c4 e6 3. Nc3 d5 4. cxd5 Nxd5 5. e3 c5 6. Nf3 Nc6 7. Bc4 Nxc3 8. bxc3 cxd4 9. cxd4 Bb4+ 10. Bd2 Bxd2+ 11. Qxd2 O-O 12. O-O b6 13. Rac1 Bb7 14. Bb5 Qd6 15. Qb2 Rac8 16. Rfd1 Nb4 17. Be2 Bd5 18.
a3 Na2 19. Rxc8 Rxc8 20. e4 Bxe4 21. Qxa2 Rc2 22. Qb3 Rxe2 23. Ne5 Bc2 24. Qf3 Rxe5 25. Rc1 Rb5 26. Qa8+ Qf8 27. Qc6 Bd3 28. Qc3 Be4 29.
Qe1 Bd5 30. a4 Ra5 31. Rc7 Rxa4 32. Qc1 h6 33. Rc8 Qxc8 34. Qxc8+ Kh7 35. Qc2+ 1-0

[Event "*** Titled Tuesday Blitz"]
[Site "Chess.com"]
[Date "2020.02.04"]
[Round "6"]
[White "Supernotar"]
[Black "Micki-taryan"]
[Result "1-0"]
[WhiteElo "2587"]
[BlackElo "2975"]
[TimeControl "180+2"]
[EndTime "14:19:24 PST"]
[Termination "Supernotar won by checkmate"]

1. d4 Nf6 2. c4 e6 3. Nf3 b6 4. g3 Ba6 5. b3 b5 6. cxb5 Bxb5 7. Bg2 Be7 8. O-O O-O 9. Bb2 a5 10. Ne5 d5 11. Nc3 Ba6 12. Na4 Nfd7 13. Nd3 Nc6 14. a3 Bb5 15. Nc3 Ba6 16. Na4 Bf6 17. e3 Bb5 18.
Nc3 Bxd3 19. Qxd3 Ne7 20. e4 c6 21. e5 Bg5 22. f4 Bh6 23. Na4 g6 24. Rac1 Bg7 25.
g4 Qb8 26. Rf3 Qb5 27. Qc2 Rab8 28. Bf1 Qb7 29. h3 Qa7 30. Kg2 f5 31. g5 h6 32.
h4 Kf7 33. Rh3 Rh8 34. Be2 hxg5 35. fxg5 Rh7 36. h5 gxh5 37. Bxh5+ Kf8 38. Rch1 Qb7 39. Bd1 Rxh3 40. Rxh3 Ng6 41. Bc1 Qc7 42. Qe2 c5 43.
Qh5 Kf7 44. Qxg6+ Kf8 45. Rh7 Nxe5 46. dxe5 Qxe5 47. Bf4 Qd4 48. Rh8+ Ke7 49. Rxb8 Qxf4 50. Rb7+ Kd6 51. Rb6+ Kc7 52. Qxg7+ Kd8 53. Qf8+ Kd7 54. Qf7+ Kd8 55. Qf8+ Kd7 56. Nxc5+ Kc7 57. Qb8# 1-0

[Event "*** Titled Tuesday Blitz"]
[Site "Chess.com"]
[Date "2020.02.04"]
[Round "6"]
[White "AnnaChessLook"]
[Black "DonBroca"]
[Result "1-0"]
[WhiteElo "2240"]
[BlackElo "2151"]
[TimeControl "180+2"]
[EndTime "14:19:27 PST"]
[Termination "AnnaChessLook won on time"]

1. Nf3 Nf6 2. g3 g6 3. Bg2 Bg7 4. O-O O-O 5. c4 c5 6. Nc3 Nc6 7. d3 d6 8. Bd2 Be6 9. Qc1 Rc8 10.
Bh6 d5 11. Bxg7 Kxg7 12. Ng5 d4 13. Nxe6+ fxe6 14. Ne4 Nxe4 15. Bxe4 Qd6 16. Qg5 Rf6 17. Rab1 Rcf8 18. h4 Ne5 19. Bxb7 h6 20. Qd2 Ng4 21. Bf3 Rxf3 22. exf3 Rxf3 23. Rbe1 g5 24. hxg5 h5 25. Kg2 Qc6 26. Re4 Rf5 27. Qe2 e5 28.
a3 Qb7 29. f3 Ne3+ 30. Kg1 Nxf1 31. Kxf1 Qb3 32. Kg2 Qb7 33. Rxe5 Rxe5 34. Qxe5+ Kf8 35. Qf5+ Ke8 36. Qg6+ Kd7 37. Qf5+ Kd8 38. Qd5+ Ke8 39. Qxb7 1-0

[Event "*** Titled Tuesday Blitz"]
[Site "Chess.com"]
[Date "2020.02.04"]
[Round "6"]
[White "Raspadsistema"]
[Black "bait_or_mate"]
[Result "0-1"]
[WhiteElo "2777"]
[BlackElo "2551"]
[TimeControl "180+2"]
[EndTime "14:19:40 PST"]
[Termination "bait_or_mate won by resignation"]

1. e4 c5 2. Nc3 Nc6 3. Nge2 e6 4.
d4 cxd4 5. Nxd4 Qc7 6. Be3 a6 7. f4 d6 8. Bd3 Nf6 9. Nb3 Be7 10.
O-O O-O 11. g4 Nd7 12. g5 Nc5 13. Qh5 g6 14. Qh6 Re8 15. Rf3 Bf8 16. Qh4 Be7 17.
Rh3 h5 18. Nxc5 dxc5 19. e5 Nd4 20. Ne4 Nf5 21. Qf2 c4 22. Be2 Nxe3 23. Qxe3 Kg7 24. Nf6 Rd8 25. Qf3 Qb6+ 26. Kf1 Qxb2 27. Rd1 Qxc2 28. Rxd8 Bxd8 29. Nxh5+ gxh5 30. Qxh5 Kf8 31. Qh8+ Ke7 32. Qf6+ Kd7 33. Qxf7+ Kc6 34. Rh7 Bb6 35.
Qe8+ Kc5 36. Qe7+ Kb5 37. Qa3 Qb1+ 38. Kg2 Qxh7 39. Qb3+ Kc6 40. Qxc4+ Bc5 41. Bf3+ Kb6 42. a4 Qc7 43. g6 Bd7 44. g7 Rg8 45. a5+ Ka7 0-1

[Event "*** Titled Tuesday Blitz"]
[Site "Chess.com"]
[Date "2020.02.04"]
[Round "6"]
[White "Abund"]
[Black "jefferyx"]
[Result "0-1"]
[WhiteElo "2728"]
[BlackElo "2929"]
[TimeControl "180+2"]
[EndTime "14:19:48 PST"]
[Termination "jefferyx won by resignation"]

1. Nf3 d5 2. d4 Nf6 3. c4 dxc4 4. e3 e6 5. Bxc4 c5 6. O-O Nc6 7. Qe2 a6 8. Rd1 b5 9. dxc5 Qc7 10. Bd3 Nb4 11. a4 bxa4 12. Bc4 Bxc5 13. Nc3 O-O 14. Nxa4 Be7 15. b3 Bb7 16. Bb2 Ng4 17. h3 Bxf3 18.
Qxf3 Qh2+ 19. Kf1 Ne5 20. Bxe5 Qxe5 21. Qf4 Qxf4 22. exf4 Rad8 23. Ke2 Bf6 24. Rxd8 Rxd8 25. Rd1 Rxd1 26. Kxd1 Bd4 27. Ke2 Kf8 28. g4 Ke7 29. f5 exf5 30. gxf5 a5 31. f4 Kf6 32. Kf3 Kxf5 33. Bxf7 Nd3 34. Bd5 Nxf4 35. Be4+ Ke5 36. Bxh7 Nxh3 37. Bg8 Nf4 38. Bc4 Nd5 39. Bd3 Nf6 40.
Bg6 Nd5 41. Kg4 Kf6 42. Be4 Ne3+ 43. Kf3 g5 44. Bb7 Ke5 45. Bc8 Nd5 46. Bd7 Nf6 47. Bc8 Kd5 48. Bb7+ Kd6 49. Ke2 Ke5 50. Kd3 g4 51. Nc3 Bxc3 52. Kxc3 Ne4+ 53. Kd3 Nc5+ 54. Ke3 Nxb7 55. b4 axb4 0-1

[Event "*** Titled Tuesday Blitz"]
[Site "Chess.com"]
[Date "2020.02.04"]
[Round "6"]
[White "Storne89"]
[Black "GadimbayliA"]
[Result "0-1"]
[WhiteElo "2640"]
[BlackElo "2900"]
[TimeControl "180+2"]
[EndTime "14:19:50 PST"]
[Termination "GadimbayliA won by resignation"]

1. e4 e6 2. d4 d5 3. Nc3 Bb4 4. e5 c5 5. a3 Bxc3+ 6. bxc3 Ne7 7. h4 Qa5 8. Bd2 Nbc6 9. h5 h6 10. Qg4 Kf8 11. Nf3 Qa4 12. Bd3 b6 13. O-O Ba6 14. Bxa6 Qxa6 15. dxc5 bxc5 16. Be3 Qa5 17. c4 d4 18. Bf4 Qa4 19. Nd2 Qxc2 20. Rfc1 Qd3 21. Rab1 Rc8 22. Rb3 Qf5 23. Qg3 Qxh5 24. Ne4 Qg6 25.
Qf3 Kg8 26. Nxc5 Kh7 27. Ne4 Nf5 28. Rb7 Nh4 29. Qh3 Qxe4 30. Qxh4 Nxe5 31. Qg3 Qxb7 32.
Bxe5 f6 33. Bxd4 Rhd8 34. Be3 Qb3 35. c5 Rd1+ 36. Rxd1 Qxd1+ 37. Kh2 Qh5+ 38. Kg1 Rd8 39. f3 Rd3 40. Qf4 Qe5 41. Qxe5 fxe5 42. Kf2 Rxa3 43. Ke2 a5 44. Kd2 Rb3 45. c6 Rb8 46. c7 Rc8 47. Bb6 a4 48. Kc3 Kg8 49. Kb4 Kf7 50. Kxa4 Ke8 51. Kb5 Kd7 52. Kc5 Ra8 53. Kc4 Ra2 54. g3 Ra3 55. f4 exf4 56. gxf4 Ra4+ 57. Kb5 Rxf4 58. Ka6 Kc8 0-1

[Event "*** Titled Tuesday Blitz"]
[Site "Chess.com"]
[Date "2020.02.04"]
[Round "6"]
[White "Shukh_Nikolay"]
[Black "Dynamikus"]
[Result "1-0"]
[WhiteElo "2539"]
[BlackElo "2755"]
[TimeControl "180+2"]
[EndTime "14:19:51 PST"]
[Termination "Shukh_Nikolay won by resignation"]

1. e4 c6 2. d4 d5 3. Nd2 dxe4 4.
Nxe4 Nf6 5. Nxf6+ exf6 6. h4 Bd6 7. Be3 O-O 8. h5 Re8 9. Qd2 Nd7 10. O-O-O Nf8 11. h6 g6 12. Bc4 b5 13. Bd3 Be6 14.
Kb1 Bd5 15. Nf3 a5 16. Bf4 Ne6 17. Bxd6 Qxd6 18. c3 b4 19. Rhe1 bxc3 20. Qxc3 Qf4 21. Qc1 Bxf3 22. Qxf4 Nxf4 23. Rxe8+ Rxe8 24. gxf3 f5 25. Bc4 Kf8 26. Kc2 Rd8 27. Kc3 Ke7 28. Re1+ Kf6 29.
Re5 Ra8 30. Rc5 Kg5 31. Rxc6 Kxh6 32. d5 Kg7 33. d6 Rd8 34. Kd4 Kf6 35. Kc5 h5 36. Rc7 Ne6+ 37. Bxe6 Kxe6 38. Re7+ Kf6 39. Kc6 h4 40. Kc7 Ra8 41. Re1 Ra7+ 42. Kb6 Rd7 43. Kc6 Rd8 44. Kc7 Ra8 45. d7 Ra7+ 46. Kc6 Ra8 47. Re8 Ra6+ 48. Kb5 Rd6 49.
d8=Q+ Rxd8 50. Rxd8 Kg5 51. Rh8 1-0

[Event "*** Titled Tuesday Blitz"]
[Site "Chess.com"]
[Date "2020.02.04"]
[Round "6"]
[White "AndrewDGreen"]
[Black "hypert"]
[Result "1-0"]
[WhiteElo "2247"]
[BlackElo "2449"]
[TimeControl "180+2"]
[EndTime "14:19:58 PST"]
[Termination "AndrewDGreen won by resignation"]

1. d4 Nf6 2. Nf3 d5 3. Bf4 c5 4. e3 Nc6 5. Nbd2 cxd4 6. exd4 Bf5 7. c3 e6 8. Qb3 Qc8 9. Nh4 Bg4 10. h3 Bh5 11. g4 Bg6 12. Nxg6 hxg6 13. Be2 Be7 14. Qd1 Nd7 15. Bd3 Qd8 16. Qe2 Bg5 17. Bg3 Bh4 18. Bf4 Rc8 19. Nf3 Be7 20. a3 Nf6 21. Ne5 Qb6 22. Kf1 a6 23. Re1 Na5 24. Kg2 Nd7 25.
Bb1 Nc4 26. Nxc4 Rxc4 27. Qd2 Rc8 28. Re2 Bd6 29. Rhe1 Bxf4 30. Qxf4 Rc6 31. Qf3 O-O 32. h4 Qd8 33. h5 gxh5 34. Rh1 Nf6 35. g5 Ne4 36.
Rxe4 dxe4 37. Qxh5 f5 38. g6 Qg5+ 39. Qxg5 Rf6 40.
Ba2 Kf8 41. Rh8+ Ke7 42. Rh7 Kf8 43. Qh5 f4 44. Rh8+ Ke7 45. d5 f3+ 46. Kg3 exd5 47.
Bxd5 Rxg6+ 48. Kh3 Rcf6 49. Bxe4 Rh6 50. Rxh6 Rxh6 51.
Qxh6 gxh6 52. Bxb7 Kd6 53. Bxa6 Kc5 54. Bb7 Kc4 55.
Bxf3 Kb3 56. Be4 Kxb2 57. c4 Kc3 58. c5 Kd4 59. c6 1-0

[Event "*** Titled Tuesday Blitz"]
[Site "Chess.com"]
[Date "2020.02.04"]
[Round "6"]
[White "karinachess1"]
[Black "Irishchessman16"]
[Result "1-0"]
[WhiteElo "2490"]
[BlackElo "2259"]
[TimeControl "180+2"]
[EndTime "14:19:59 PST"]
[Termination "karinachess1 won by resignation"]

1. c4 e5 2. Nc3 Bb4 3. Qc2 d6 4. e3 c5 5. Nd5 Nc6 6. g3 Nge7 7. Bg2 O-O 8. Ne2 Nxd5 9. cxd5 Ne7 10. O-O f5 11. f4 e4 12. d3 exd3 13. Qxd3 a6 14. Nc3 b5 15. Bd2 c4 16. Qc2 Bb7 17. e4 Bxc3 18. Bxc3 fxe4 19. Bxe4 Qb6+ 20. Rf2 g6 21. Rd1 Rae8 22. g4 Rxf4 23. Bd4 Rxg4+ 24. Kf1 Qc7 25. h3 Rf4 26. Rxf4 Nxd5 27. Bxd5+ Bxd5 28. Qf2 Qd7 29. Qg3 c3 30. bxc3 Bc4+ 31. Kg1 Qe6 32. Rf2 Qe4 33. h4 d5 34. Kh2 Be2 35. Rg1 Bh5 36.
Qf4 Qe6 37. Qf6 Qxf6 38. Rxf6 Re2+ 39. Rf2 Re4 40. Kg3 Rg4+ 41. Kh2 Rxh4+ 42. Kg2 Rg4+ 43. Kf1 Re4 44. Rg5 Bd1 45. Rxd5 h5 46. Rd8+ 1-0

[Event "*** Titled Tuesday Blitz"]
[Site "Chess.com"]
[Date "2020.02.04"]
[Round "6"]
[White "platy3"]
[Black "Roman_Ovetchkin"]
[Result "1/2-1/2"]
[WhiteElo "2879"]
[BlackElo "2728"]
[TimeControl "180+2"]
[EndTime "14:20:08 PST"]
[Termination "Game drawn by agreement"]

1. e4 c6 2. Nf3 d5 3. Nc3 Nf6 4. e5 Ne4 5. Ne2 Qb6 6. d4 e6 7. Ng3 c5 8. Bd3 Nxg3 9. fxg3 cxd4 10. O-O Nc6 11. a3 Be7 12. b4 a6 13. Qe2 O-O 14. Bg5 f6 15. Bd2 Bd7 16. g4 fxe5 17. Nxe5 Nxe5 18. Qxe5 Bf6 19. Qg3 g6 20. Bf4 Bg7 21.
Be5 Rxf1+ 22. Rxf1 Rf8 23. Rxf8+ Bxf8 24. Qf4 Qd8 25.
Bxd4 Bg7 26. Bxg7 Kxg7 27. Qd6 Qe8 28. g5 Kg8 29. h4 Bc6 30. c4 Qd7 31. Qb8+ Qe8 32.
Qxe8+ Bxe8 33. cxd5 exd5 34. Kf2 Kf7 35. Ke3 Ke6 36.
Kd4 Bb5 37. Bc2 Bc4 38. a4 b6 39. Bd1 a5 40. bxa5 bxa5 41. g4 Kd6 42. Bc2 Be2 43. h5 gxh5 44. gxh5 Bxh5 45. Bxh7 Bd1 46. g6 Bc2 47.
Bg8 Bxg6 48. Bxd5 Bc2 49. Be4 Bxa4 50. Kc3 Kc5 51. Bc6 Bxc6 52. Kb2 1/2-1/2

[Event "*** Titled Tuesday Blitz"]
[Site "Chess.com"]
[Date "2020.02.04"]
[Round "6"]
[White "hansen"]
[Black "Borsuk_Konstantin"]
[Result "0-1"]
[WhiteElo "2864"]
[BlackElo "2549"]
[TimeControl "180+2"]
[EndTime "14:20:09 PST"]
[Termination "Borsuk_Konstantin won by resignation"]

1. e4 e6 2. d4 d5 3. exd5 exd5 4. Bd3 Bd6 5. Qf3 Qf6 6. c3 c6 7. h3 Be6 8. Qxf6 Nxf6 9. Nf3 Ne4 10. Nbd2 f5 11.
Ne5 Nd7 12. Ndf3 O-O-O 13. O-O h6 14. Ng6 Rhe8 15. Nfe5 Bg8 16. f3 Ng3 17. Re1 Nxe5 18. dxe5 Bf7 19. Bf4 Bxg6 20. exd6 Nh5 21. Be5 Re6 22.
Kf2 f4 23. Bxg6 Rxg6 24. Bd4 b6 25. Re7 Rd7 26. Re5 Rg5 27. Re8+ Rd8 28. Rae1 Rxe8 29.
Rxe8+ Kd7 30. Re1 Kxd6 31. h4 Rf5 32. Kg1 c5 33. Bf2 Re5 34. Rd1 Re2 35. b4 Rxa2 36. bxc5+ bxc5 37. Rb1 Ng3 38. h5 Ne2+ 39. Kf1 Nxc3 40.
Rb7 d4 41. Rxg7 d3 42. Be1 d2 43. Bxd2 Rxd2 44. Rxa7 Nd5 45. Ra6+ Ke5 46. Rxh6 Ne3+ 47.
Kg1 Rxg2+ 48. Kh1 Rg3 49. Rc6 c4 50. h6 Rh3+ 51. Kg1 Kd5 52. Rf6 c3 0-1

[Event "*** Titled Tuesday Blitz"]
[Site "Chess.com"]
[Date "2020.02.04"]
[Round "6"]
[White "esteban062000"]
[Black "bazar-wokzal"]
[Result "0-1"]
[WhiteElo "2183"]
[BlackElo "2550"]
[TimeControl "180+2"]
[EndTime "14:20:10 PST"]
[Termination "bazar-wokzal won by resignation"]

1. Nf3 c5 2. c4 g6 3. g3 Bg7 4. Bg2 Nc6 5. O-O d6 6. e3 Nf6 7.
d4 Bg4 8. d5 Ne5 9. Nbd2 O-O 10. Qc2 Nxf3+ 11. Nxf3 Bf5 12. Qe2 Be4 13. Bd2 Nd7 14. Bc3 Bxc3 15. bxc3 Qa5 16. Rfc1 Qa6 17. Nd2 Bxg2 18. Kxg2 Rfb8 19. Rcb1 Nb6 20. Rb5 Qa4 21. Rb2 Nd7 22. Rab1 b6 23. e4 Re8 24. f4 e6 25.
Qg4 Nf6 26. Qg5 Kg7 27. e5 dxe5 28. fxe5 Ng8 29. d6 Qc6+ 30. Kg1 f6 31. Qf4 Rf8 32. Ne4 Rad8 33. Rf1 f5 34. Ng5 Rfe8 35. Rd2 h6 36.
Nf3 Rd7 37. Rfd1 Red8 38. h4 Rf7 39. d7 Rfxd7 40. Rd6 Rxd6 41. exd6 Nf6 42. Ne5 Qe4 43. Qxe4 Nxe4 44. d7 Nf6 45. Rd6 g5 46. Rxe6 Nxd7 47.
Re7+ Kf6 48. Rxd7 Re8 49. Rd8 Rxd8 50. Nc6 Rd7 51. hxg5+ hxg5 52. Kg2 Ke6 53. Nb8 Rd2+ 54. Kf3 Rxa2 55. Na6 Rxa6 0-1

[Event "*** Titled Tuesday Blitz"]
[Site "Chess.com"]
[Date "2020.02.04"]
[Round "6"]
[White "Kislov_Oleg"]
[Black "Schachmalanders"]
[Result "1-0"]
[WhiteElo "2495"]
[BlackElo "2270"]
[TimeControl "180+2"]
[EndTime "14:20:10 PST"]
[Termination "Kislov_Oleg won by resignation"]

1. e4 c5 2. Nf3 d6 3. c3 Nf6 4. Be2 Nc6 5. d4 cxd4 6. cxd4 e5 7. d5 Ne7 8. O-O Ng6 9. Nc3 Be7 10. Qb3 O-O 11. a4 b6 12. Bb5 Bb7 13. Nd2 Rc8 14.
f3 Nh5 15. Rf2 Ngf4 16. Bf1 Qd7 17. Nc4 f5 18. g3 Ng6 19. exf5 Nh8 20. Nxe5 dxe5 21.
d6+ Nf7 22. dxe7 Qxe7 23. a5 bxa5 24. Rxa5 Rb8 25. Rxa7 Kh8 26. Ba6 Nd6 27. Bxb7 Rxb7 28. Rxb7 Nxb7 29. g4 Nf4 30. Bxf4 exf4 31. Ne4 Nc5 32. Qd5 Nxe4 33. Qxe4 Qd6 34. Kg2 h6 35. Re2 Rb8 36. h4 Qf6 37. Qxf4 Rxb2 38. Rxb2 Qxb2+ 39. Kg3 Qa1 40. Qe3 Kh7 41. g5 hxg5 42. hxg5 Qa8 43.
g6+ Kh8 44. Qe4 Qb8+ 45. Qf4 Qb6 46. Qh4+ Kg8 47. Qh7+ Kf8 48. Qh8+ Ke7 49. Qxg7+ Kd8 50. Qf8+ Kd7 51. Qf7+ Kd8 52. Qd5+ Ke8 53. Qe6+ Qxe6 54.
fxe6 Ke7 55. g7 1-0

[Event "*** Titled Tuesday Blitz"]
[Site "Chess.com"]
[Date "2020.02.04"]
[Round "6"]
[White "MikaelyanArman"]
[Black "Sanan_Sjugirov"]
[Result "1/2-1/2"]
[WhiteElo "2754"]
[BlackElo "2838"]
[TimeControl "180+2"]
[EndTime "14:20:12 PST"]
[Termination "Game drawn by repetition"]

1. d4 Nf6 2. c4 g6 3. Nc3 d5 4. Nf3 Bg7 5. h4 c6 6. cxd5 cxd5 7. Bf4 O-O 8. e3 Nc6 9. Ne5 Qb6 10. Qb3 Qa5 11. Be2 Bf5 12. O-O Nxe5 13. dxe5 Ne4 14. Qxd5 Qb4 15. Nxe4 Bxe4 16. Qb5 Qxb5 17. Bxb5 Rac8 18.
Rac1 a6 19. Bd7 Rxc1 20. Rxc1 Rd8 21. Rc8 Rxc8 22. Bxc8 e6 23. Bd7 Bd5 24. a4 f6 25.
e4 Bb3 26. a5 fxe5 27. Be3 Bf6 28. Bc8 Bxh4 29. Bxb7 Bc4 30. b4 Bb5 31. Bc5 Kf7 32.
Bd6 Be7 33. Bc5 Bxc5 34. bxc5 Ke7 35. c6 Kd6 36. Bc8 Bxc6 37. Bxa6 Bxe4 38. f3 Bd5 39.
Bd3 Kc5 40. Kf2 Kb4 41. a6 Ka5 42. Ke3 Kb6 43. Be2 g5 44. g4 h6 45. Bd3 Ka7 46.
Kf2 Bc6 47. Ke3 Kb6 48. Bc4 Bd5 49. Bd3 Ba8 50. Be4 Bd5 51. Bd3 1/2-1/2

[Event "*** Titled Tuesday Blitz"]
[Site "Chess.com"]
[Date "2020.02.04"]
[Round "6"]
[White "FairChess_on_YouTube"]
[Black "Indianlad"]
[Result "1/2-1/2"]
[WhiteElo "3033"]
[BlackElo "2944"]
[TimeControl "180+2"]
[EndTime "14:20:13 PST"]
[Termination "Game drawn by agreement"]

1. d4 Nf6 2. c4 g6 3. Nc3 d5 4. cxd5 Nxd5 5. Nf3 Bg7 6. e4 Nxc3 7.
bxc3 c5 8. Be2 Bg4 9. O-O O-O 10. Rb1 cxd4 11. cxd4 Bxf3 12. Bxf3 Bxd4 13. Rxb7 Nc6 14.
Qa4 Qc8 15. Rb3 Qe6 16. e5 Rac8 17. Bxc6 Qxc6 18. Qxd4 Qxc1 19. e6 Qc5 20. exf7+ Rxf7 21. Qd1 Qc2 22. Qa1 Qd2 23. g3 Rxf2 24. Rxf2 Rc1+ 25. Qxc1 Qxc1+ 26. Kg2 Qc6+ 27. Kg1 Qc1+ 28. Kg2 Qc6+ 29. Rbf3 g5 30. g4 h5 31. h3 Qe4 32. Kg3 Qe5+ 33. Kg2 hxg4 34. hxg4 Qe4 35. Kh3 Qh7+ 36. Kg2 Qe4 37.
Kg3 Qe5+ 38. Kh3 Qh8+ 39. Kg2 Qd4 40. Rg3 Qe4+ 41. Kh2 Kg7 42. Rgg2 Qe5+ 43. Kg1 Qe1+ 44. Kh2 Qe5+ 45. Kg1 Qd4 46. Kh2 e5 47. Rf5 Kg6 48. Kg3 e4 49. Re2 Qd3+ 50. Kf2 Qd4+ 51. Kg2 Qd3 52. Kf2 a5 53. Re3 Qd4 54. a3 a4 55. Ke2 Qb2+ 56. Kf1 Qd4 57. Ke2 Kh6 58.
Kf2 Qd2+ 59. Re2 Qd3 60. Re3 Qd4 61. Ke2 Kg6 62. Kf2 Qd2+ 63. Re2 Qd4+ 1/2-1/2

[Event "*** Titled Tuesday Blitz"]
[Site "Chess.com"]
[Date "2020.02.04"]
[Round "6"]
[White "SantoBlue"]
[Black "AliKa2810"]
[Result "1-0"]
[WhiteElo "2830"]
[BlackElo "2641"]
[TimeControl "180+2"]
[EndTime "14:20:16 PST"]
[Termination "SantoBlue won by resignation"]

1. d4 Nf6 2. Nf3 g6 3. g3 Bg7 4.
Bg2 c5 5. O-O cxd4 6. Nxd4 d5 7.
c4 O-O 8. cxd5 Nxd5 9. Nc3 Nxc3 10. bxc3 Nc6 11. Rb1 Nxd4 12. cxd4 Qxd4 13. Ba3 Qxd1 14. Rfxd1 Bf6 15. Bxb7 Rb8 16. Bd5 Bh3 17. Rxb8 Rxb8 18. Bb3 Kg7 19. f3 h5 20. Kf2 Rb7 21. Bc5 Rc7 22.
Bd4 Rd7 23. Bxf6+ Kxf6 24. Rc1 Be6 25. Rc6 Rd6 26. Rxd6 exd6 27. Ke3 Bxb3 28. axb3 Ke5 29. Kd3 Kd5 30. b4 g5 31. e4+ Ke5 32. Ke3 d5 33.
f4+ gxf4+ 34. gxf4+ Ke6 35. Kd4 dxe4 36. Kxe4 a6 37.
h3 f6 38. Kd4 Kd6 39. Ke4 Ke6 40.
Kd4 Kd6 41. Kc4 f5 42. Kd4 h4 43.
Kc4 Kc6 44. Kd4 Kd6 45. Kc3 Kd5 46. Kd3 Ke6 47. Kc4 Kd6 48. Kd4 Kc6 49. Ke5 Kb5 50. Kxf5 Kxb4 51. Kg6 a5 52. f5 a4 53. f6 a3 54. f7 1-0

[Event "*** Titled Tuesday Blitz"]
[Site "Chess.com"]
[Date "2020.02.04"]
[Round "6"]
[White "politeplayer"]
[Black "TheBigBadChessDad"]
[Result "1/2-1/2"]
[WhiteElo "2148"]
[BlackElo "2310"]
[TimeControl "180+2"]
[EndTime "14:20:26 PST"]
[Termination "Game drawn - insufficient material"]

1. e4 e5 2. f4 d5 3. exd5 c6 4. dxc6 Nxc6 5. Bb5 exf4 6. Bxc6+ bxc6 7. Qf3 Qd5 8. Qxd5 cxd5 9. Nc3 Nf6 10. Nb5 Kd7 11.
Nf3 Kc6 12. a4 Be6 13. Nfd4+ Kd7 14. O-O a6 15. Na3 Bc5 16. c3 Bxd4+ 17. cxd4 Nh5 18. d3 g5 19. Bd2 Bf5 20. Rfd1 Bxd3 21. g4 Nf6 22. Bxf4 Be2 23. Be5 Nxg4 24. Re1 Nxe5 25.
dxe5 Bg4 26. Rad1 Be6 27. Nc4 Rab8 28. a5 Ke7 29. Nb6 Rhd8 30. Rc1 Rb7 31. Rc3 d4 32. Rg3 g4 33. Rd1 Rc7 34. Rgd3 Rc2 35. Rxd4 Rxd4 36. Rxd4 Rxb2 37. Nd5+ Bxd5 38. Rxd5 Ra2 39. Rc5 h5 40. e6 Kxe6 41. Rxh5 f6 42. Rc5 Kf7 43. Rc4 Rxa5 44. Rxg4 Ra2 45. Rc4 Kg6 46. h4 f5 47.
Rc5 a5 48. h5+ Kg5 49. h6 Kxh6 50. Rxf5 a4 51. Kf1 Kg6 52. Ra5 Kf6 53. Ke1 a3 54.
Kd1 Ke6 55. Kc1 Kd6 56. Kb1 Rb2+ 57. Ka1 Rb3 58. Ka2 Rh3 59. Rxa3 Rxa3+ 60. Kxa3 1/2-1/2

[Event "*** Titled Tuesday Blitz"]
[Site "Chess.com"]
[Date "2020.02.04"]
[Round "6"]
[White "MikeSailer"]
[Black "King_of_the_wing"]
[Result "1/2-1/2"]
[WhiteElo "2108"]
[BlackElo "2031"]
[TimeControl "180+2"]
[EndTime "14:20:36 PST"]
[Termination "Game drawn by agreement"]

1. Nf3 Nf6 2. b4 e6 3. a3 d5 4. Bb2 a5 5. b5 Bc5 6. e3 O-O 7. Be2 c6 8. a4 cxb5 9. axb5 b6 10. O-O Bb7 11. c4 dxc4 12. Bxc4 Nbd7 13. d4 Bd6 14.
Nbd2 Rc8 15. Rc1 Qe7 16. Qe2 e5 17. Nxe5 Nxe5 18. dxe5 Bxe5 19. Bxe5 Qxe5 20. Nf3 Qh5 21. Rfd1 Ng4 22. h3 Ne5 23. Nxe5 Qxe5 24. Qg4 h5 25. Qd7 Qe4 26. Bf1 Rxc1 27. Rxc1 a4 28. Rc7 Bd5 29. Ra7 Be6 30. Qd4 Qxd4 31. exd4 Bb3 32. Be2 Rd8 33. Bxh5 Rxd4 34. Kf1 Bc4+ 35.
Ke1 g6 36. Bd1 Bxb5 37. Rb7 Rd6 38. Ra7 Rd4 39. Rb7 Bc6 40. Rxb6 Bxg2 41. Ra6 Bxh3 42. Bxa4 Be6 43. Bc2 Kg7 44. Ra7 Kf6 45. Ra6 Ke5 46. Ra5+ Kf4 47. Ke2 Bc4+ 48. Ke1 f5 49. Ra3 g5 50. Rc3 g4 51. Ra3 Bd5 52. Ra5 Be4 53.
Bxe4 Rxe4+ 54. Kf1 g3 55. fxg3+ Kxg3 56. Ra3+ Kg4 57. Kf2 f4 58. Rb3 Rd4 59. Rb2 f3 60.
Rb8 Rd2+ 61. Kf1 1/2-1/2

[Event "*** Titled Tuesday Blitz"]
[Site "Chess.com"]
[Date "2020.02.04"]
[Round "6"]
[White "DamianoLew95"]
[Black "12teen"]
[Result "1-0"]
[WhiteElo "2605"]
[BlackElo "2695"]
[TimeControl "180+2"]
[EndTime "14:20:38 PST"]
[Termination "DamianoLew95 won on time"]

1. d4 e6 2. e4 a6 3. Nf3 b5 4. Bd3 Bb7 5. O-O Nf6 6. Qe2 d5 7.
Nbd2 c5 8. e5 Nfd7 9. c3 Nc6 10.
dxc5 Bxc5 11. Nb3 Be7 12. Nbd4 Qc7 13. Nxc6 Bxc6 14. Re1 O-O 15. Nd4 Nc5 16. Bc2 Bd7 17.
Qh5 g6 18. Qh6 f5 19. h4 Rf7 20. h5 g5 21. Bxf5 exf5 22. e6 Nxe6 23. Nxe6 Qd6 24.
Bxg5 Re8 25. Bf4 Qc6 26. Nd4 Qxh6 27. Bxh6 f4 28. g3 fxg3 29. fxg3 Bd6 30. Rxe8+ Bxe8 31. Kg2 Re7 32. Bg5 Re4 33. Rh1 Bc5 34. Bf6 Kf7 35. Rf1 Kg8 36. Nf5 h6 37. Nxh6+ Kh7 38. Nf5 Bxh5 39.
Bd4 Bf8 40. Rh1 Kg6 41. Nh4+ Kf7 42. Rf1+ Ke8 43. Nf5 Kd7 44. Ne3 Bd6 45. Nxd5 Kc6 46. Nf6 Re2+ 47. Rf2 Rxf2+ 48. Kxf2 Bf7 49. g4 Bxa2 50.
b4 Bf7 51. Kf3 Bg6 52. g5 Be7 53. Ng4 Kd5 54. Kf4 Bxb4 55. cxb4 Kxd4 56. Ne5 Bh7 57. Nc6+ Kc4 58. Ke5 1-0

[Event "*** Titled Tuesday Blitz"]
[Site "Chess.com"]
[Date "2020.02.04"]
[Round "6"]
[White "vovachesss"]
[Black "quesfr"]
[Result "1-0"]
[WhiteElo "2571"]
[BlackElo "2071"]
[TimeControl "180+2"]
[EndTime "14:20:42 PST"]
[Termination "vovachesss won by resignation"]

1. c4 e6 2. Qa4 Nf6 3. g3 c5 4.
Bg2 Nc6 5. Nf3 Be7 6. O-O O-O 7.
Rd1 Qa5 8. Qc2 Nd4 9. Nxd4 cxd4 10. e3 dxe3 11. dxe3 d5 12. cxd5 Nxd5 13. Nd2 Nb4 14. Qb3 Rd8 15. a3 Rb8 16. Nc4 Rxd1+ 17. Qxd1 Qa6 18.
Ne5 Nc6 19. Nxc6 bxc6 20. Qc2 Bb7 21. Bd2 c5 22. Bc3 Bxg2 23. Kxg2 Qc6+ 24. f3 c4 25. Rd1 h6 26. Rd2 a6 27. Qd1 Bc5 28. e4 Kh7 29. Rd7 Rb7 30. Rd8 Be7 31. Rd4 Bf6 32. Rd6 Qc5 33.
Bb4 Qb5 34. Qc2 a5 35. e5+ g6 36. exf6 axb4 37. Rd8 bxa3 38. bxa3 Qb2 39. Qxb2 Rxb2+ 40. Kh3 c3 41. Rd7 Kg8 42. Rd8+ Kh7 43. Rf8 g5 44. Rxf7+ Kg6 45. Rc7 c2 46. f7 Kg7 47. Kg4 Ra2 48. Kh5 e5 49. f8=Q+ Kxf8 50. Kxh6 g4 51. fxg4 e4 52.
g5 e3 53. g6 c1=Q 54. g7+ Kg8 55. Rxc1 Rxh2+ 56. Kg6 1-0